 Dungeon Crawl Stone Soup version 0.21.1-1-g345015fe64 (webtiles) character file.

9878 Lentor the Carver (level 11, -2/99 HPs)
             Began as a Minotaur Berserker on June 20, 2018.
             Was an Elder of Trog.
             Slain by a large slime creature (11 damage)
             ... on level 13 of the Dungeon.
             The game lasted 00:19:59 (7744 turns).

Lentor the Carver (Minotaur Berserker)              Turns: 7744, Time: 00:20:00

Health: -2/99      AC: 17    Str: 28    XL:     11   Next: 28%
Magic:  10/10      EV: 11    Int:  4    God:    Trog [****..]
Gold:   450        SH:  5    Dex: 10    Spells: 10/10 levels left

rFire    . . .     SeeInvis +   x - +6 falchion (slice)
rCold    . . .     Gourm    +   e - +0 buckler
rNeg     . . .     Faith    .   u - +0 chain mail
rPois    .         Spirit   .   z - +0 hat {SInv}
rElec    .         Reflect  .   (no cloak)
rCorr    .         Harm     .   f - +0 pair of gloves
MR       .....                  n - +0 pair of boots
Stlth    ..........             A - amulet of the gourmand
HPRegen  0.26/turn              s - +3 ring of strength
MPRegen  0.12/turn              a - +2 ring of protection

@: berserk cooldown, slowed, very slow
A: retaliatory headbutt, horns 2
a: Berserk, Trog's Hand, Brothers in Arms, Burn Spellbooks, Renounce Religion


You were on level 13 of the Dungeon.
You worshipped Trog.
Trog was greatly pleased with you.
You were not hungry.

You visited 2 branches of the dungeon, and saw 13 of its levels.

You collected 450 gold pieces.

Inventory:

Hand Weapons
 x - a +6 falchion of slicing (weapon)
Armour
 e - a +0 buckler (worn)
 f - a +0 pair of gloves (worn)
 n - a +0 pair of boots (worn)
 u - a +0 chain mail (worn)
 z - a +0 hat of see invisible (worn)
Jewellery
 a - a +2 ring of protection (right hand)
 r - an uncursed amulet of faith
 s - a +3 ring of strength (left hand)
 A - an amulet of the gourmand (around neck)
 J - the ring "Mihutin" {rCorr rF+}
   (You found it on level 7 of the Dungeon)

   [ring of resist corrosion]

   It protects you from fire.
Wands
 v - a wand of digging (19)
 H - a wand of polymorph (36)
Scrolls
 d - a scroll of enchant weapon
 i - 3 scrolls of remove curse
 j - 4 scrolls of blinking {unknown}
 l - a scroll of identify
 t - 4 scrolls of teleportation
 y - 2 scrolls of magic mapping
 B - a scroll of fog
 C - a scroll of silence
Potions
 b - 5 potions of curing
 g - 2 potions of resistance
 h - 2 potions of brilliance
 k - a potion of agility {unknown}
 m - 2 potions of heal wounds
 o - 2 potions of flight {unknown}
 p - 2 potions of mutation {unknown}
 q - a potion of haste
 w - 2 potions of magic {unknown}
 E - a potion of invisibility {unknown}
 F - a potion of lignification {unknown}
 L - a potion of berserk rage {unknown}
Comestibles
 c - 25 rations


   Skills:
 + Level 9.8 Fighting
 + Level 13.2 Long Blades
 + Level 11.4 Armour
 + Level 4.7 Dodging
 + Level 1.8 Stealth
 + Level 6.1 Shields


You had 10 spell levels left.
You didn't know any spells.

Dungeon Overview and Level Annotations

Branches:
Dungeon (13/15)            Temple (1/1) D:4            Lair (0/6) D:9
    Orc: D:9-12      Vaults: D:13-14

Altars:
Ashenzari
Cheibriados
Dithmenos
Elyvilon
Fedhas
Gozag
Hepliaklqana
Kikubaaqudgha
Makhleb
Nemelex Xobeh
Okawaru
Qazlal
Ru
Sif Muna
Trog
Uskayaw
Vehumet
Wu Jian
Xom
Yredelemnul
Zin
The Shining One


Innate Abilities, Weirdness & Mutations

You reflexively headbutt those who attack you in melee.
You have a pair of horns on your head.


Message History

The centaur warrior is moderately wounded.
The centaur warrior hits you but does no damage.
The centaur warrior hits you.
* * * LOW HITPOINT WARNING * * *
You completely miss the centaur warrior.
The centaur warrior is moderately wounded.
The centaur warrior hits you but does no damage.
You block the large slime creature's attack.
You slash the centaur warrior!
The centaur warrior is heavily wounded.
The centaur warrior misses you. You furiously retaliate!
You headbutt the centaur warrior! The centaur warrior hits you.
* * * LOW HITPOINT WARNING * * *
The large slime creature hits you but does no damage.
You slash the centaur warrior!
The centaur warrior is severely wounded.
The centaur warrior hits you!
* * * LOW HITPOINT WARNING * * *
The large slime creature hits you!
You die...

#.# #####.# #.# ......#
#.# #####.# #.# #.# #.#
#.# #.# #.# #.#
#####.########.#######.#
..............(J@c......
#####.#######.##########
#.# #.# #.# #.# #.# #/#
#.# #.# #.# #.# #.# #.#


You could see a large slime creature and a centaur warrior.

Vanquished Creatures
  Gastronok (D:9)
  2 two-headed ogres
  A manticore (D:13)
  Joseph (D:9)
  Psyche (D:8)
  A hornet (D:9)
  Grinder (D:3)
  2 slime creatures
  Sigmund (D:2)
  2 wyverns (D:9)
  6 yaks
  2 hungry ghosts
  Menkaure (D:4)
  A soldier ant (D:9)
  A water moccasin (D:9)
  3 orc warriors
  4 ice beasts
  A black bear (D:6)
  A hornet zombie (D:10)
  4 phantoms
  A sky beast (D:7)
  A necrophage (D:3)
  A centaur (D:6)
  Blork the orc (D:4)
  A big kobold (D:9)
  6 bullfrogs
  A gnoll sergeant (D:6)
  A scorpion (D:7)
  A howler monkey (D:6)
  2 crimson imps
  A bullfrog zombie (D:6)
  2 jellies
  3 centaur skeletons
  7 hounds
  2 iguanas
  2 orc priests (D:4)
  4 orc wizards
  Natasha (D:3)
  8 worker ants
  A hound skeleton (D:7)
  Robin (D:4)
  4 gnolls (D:6)
  2 worker ant zombies
  7 adders
  An ooze (D:4)
  An adder skeleton (D:9)
  4 worms
  7 leopard geckos
  21 orcs
  7 bats
  6 giant cockroaches
  12 goblins
  16 hobgoblins
  7 jackals
  4 quokkas
  2 ball pythons
  6 frilled lizards
  2 jackal skeletons
  8 kobolds
  2 leopard gecko skeletons (D:6)
  11 rats
215 creatures vanquished.

Notes
Turn   | Place    | Note
-------+----------+-------------------------------------------
     0 | D:1      | Lentor the Minotaur Berserker began the quest for the Orb.
     0 | D:1      | Reached XP level 1. HP: 19/19 MP: 0/0
   163 | D:1      | Reached XP level 2. HP: 27/27 MP: 1/1
   165 | D:1      | Reached skill level 4 in Long Blades
   437 | D:1      | Reached ** piety under Trog
   770 | D:2      | Found a hazy altar of Hepliaklqana.
   810 | D:2      | Noticed Sigmund
   811 | D:2      | Reached XP level 3. HP: 33/33 MP: 2/2
   816 | D:2      | Killed Sigmund
   816 | D:2      | Reached skill level 5 in Fighting
   816 | D:2      | Reached skill level 5 in Long Blades
   816 | D:2      | Reached XP level 4. HP: 42/42 MP: 3/3
   816 | D:2      | Reached XP level 5. HP: 48/48 MP: 4/4
  1196 | D:2      | Found a stormy altar of Qazlal.
  1439 | D:3      | Found a faded altar of an unknown god.
  1465 | D:3      | Found a hide-covered altar of Uskayaw.
  1472 | D:3      | Reached skill level 6 in Long Blades
  1491 | D:3      | Noticed a hand axe
  1491 | D:3      | Noticed a hand axe
  1503 | D:3      | Reached *** piety under Trog
  1545 | D:3      | Noticed a necrophage
  1556 | D:3      | Killed a necrophage
  1556 | D:3      | Reached skill level 1 in Shields
  1556 | D:3      | Reached XP level 6. HP: 29/56 MP: 5/5
  1788 | D:3      | Found a shadowy altar of Dithmenos.
  1813 | D:3      | Noticed Grinder
  1814 | D:3      | Paralysed by Grinder for 3 turns
  1824 | D:3      | Killed Grinder
  1824 | D:3      | Reached skill level 7 in Long Blades
  1824 | D:3      | Reached XP level 7. HP: 54/62 MP: 6/6
  2179 | D:3      | Noticed Natasha
  2182 | D:3      | Killed Natasha
  2558 | D:4      | Noticed Robin
  2573 | D:4      | Killed Robin
  2625 | D:4      | Noticed Menkaure
  2628 | D:4      | Killed Menkaure
  2631 | D:4      | Found a burning altar of Makhleb.
  2873 | D:4      | Found a staircase to the Ecumenical Temple.
  2897 | D:4      | Reached skill level 8 in Long Blades
  2905 | Temple   | Entered the Ecumenical Temple
  3152 | D:4      | Noticed Blork the orc
  3163 | D:4      | Killed Blork the orc
  3385 | D:4      | Reached XP level 8. HP: 54/70 MP: 7/7
  3414 | D:5      | Entered Level 5 of the Dungeon
  3431 | D:5      | Reached skill level 5 in Armour
  3487 | D:5      | Found a sacrificial altar of Ru.
  3577 | D:5      | Reached skill level 1 in Stealth
  3720 | D:5      | Found a deep blue altar of Sif Muna.
  3793 | D:5      | Found an ancient bone altar of Kikubaaqudgha.
  4020 | D:6      | Reached skill level 9 in Long Blades
  4409 | D:6      | Reached **** piety under Trog
  4421 | D:6      | Found an ornate altar of the Wu Jian Council.
  4426 | D:6      | Reached XP level 9. HP: 62/79 MP: 8/8
  4593 | D:6      | Reached skill level 10 in Long Blades
  4694 | D:6      | Found a sparkling altar of Nemelex Xobeh.
  5253 | D:7      | Got a sparkling lead ring
  5260 | D:7      | Identified the ring "Mihutin" {rCorr rF+} (You found it on level 7 of the Dungeon)
  5807 | D:8      | Noticed Psyche
  5814 | D:8      | Killed Psyche
  5826 | D:8      | Noticed a two-headed ogre
  5832 | D:8      | Killed a two-headed ogre
  5832 | D:8      | Reached skill level 11 in Long Blades
  6031 | D:8      | Found a shattered altar of Ashenzari.
  6329 | D:9      | Found a staircase to the Lair.
  6339 | D:9      | Reached XP level 10. HP: 87/90 MP: 9/9
  6352 | D:9      | Found a shimmering altar of Xom.
  6431 | D:9      | Noticed a two-headed ogre
  6439 | D:9      | Killed a two-headed ogre
  6439 | D:9      | Reached skill level 12 in Long Blades
  6607 | D:9      | Found an opulent altar of Gozag.
  6682 | D:9      | Reached skill level 10 in Armour
  6753 | D:9      | Noticed Gastronok
  6754 | D:9      | Noticed Joseph
  6768 | D:9      | Killed Gastronok
  6768 | D:9      | Reached skill level 5 in Shields
  6782 | D:9      | Killed Joseph
  6782 | D:9      | Reached XP level 11. HP: 13/97 MP: 10/10
  7228 | D:10     | Entered Level 10 of the Dungeon
  7507 | D:10     | You fall through a shaft for 3 floors!
  7522 | D:13     | Reached skill level 13 in Long Blades
  7705 | D:13     | Noticed a centaur warrior
  7744 | D:13     | Slain by a large slime creature

Skill      XL: |  1  2  3  4  5  6  7  8  9 10 11 |
---------------+----------------------------------+-----
Long Blades    | 4 5 6 7 8 9 11 12 13 | 13.2
Fighting       | 4 5 6 7 8 9 |  9.8
Armour         | 3 4 7 9 11 | 11.4
Dodging        | 3 4 |  4.7
Shields        | 1 2 4 5 6 |  6.1
Stealth        | 1 |  1.8

Action                   |  1- 3 |  4- 6 |  7- 9 | 10-12 || total
-------------------------+-------+-------+-------+-------++-------
Melee: Falchion          |    36 |    77 |   216 |   157 ||   486
       Headbutt          |     8 |    14 |    45 |    45 ||   112
Invok: Berserk           |     2 |       |     3 |     4 ||     9
       Burn Spellbooks   |       |       |     1 |       ||     1
  Use: Scroll            |       |       |    19 |       ||    19
       Potion            |       |       |       |     1 ||     1
  Eat: Chunk             |       |     3 |    12 |    13 ||    28
       Ration            |       |       |     2 |       ||     2
Armor: Animal skin       |     3 |       |       |       ||     3
       Leather armour    |     8 |       |       |       ||     8
       Chain mail        |       |    16 |    89 |    50 ||   155
       Ring mail         |       |     5 |       |       ||     5
Dodge: Dodged            |    34 |    40 |    78 |    53 ||   205
Block: Buckler           |     2 |     8 |    30 |    25 ||    65
       Rpst.: Falchion   |     8 |     9 |    24 |    11 ||    52
